 Seeded DCSS version 0.27.1-37-g7b29ead8ac (webtiles) character file.

Game seed: 4581088978801968933 (custom seed)

18393 cbfl8 the Severer (level 12, -7/104 HPs)
             Began as a Minotaur Gladiator on June 2, 2023.
             Was an Elder of Yredelemnul.
             Mangled by a ghost moth (9 damage)
             ... on level 15 of the Dungeon.
             The game lasted 00:19:54 (15160 turns).

cbfl8 the Severer (Minotaur Gladiator)             Turns: 15160, Time: 00:19:54

Health: -7/104     AC: 12    Str: 20      XL:     12   Next: 27%
Magic:  0/14       EV: 15    Int: 13 (15) God:    Yredelemnul [****..]
Gold:   971        SH:  0    Dex: 18 (19) Spells: 11/11 levels left

rFire    + + +     SeeInvis .   b - +8 battleaxe "Terhaule" {vorpal, rN+}
rCold    . . .     Faith    .   (shield currently unavailable)
rNeg     + . .     Spirit   .   o - +1 ring mail of Protective Custody {Drain rF+++ Int+4 Dex+3}
rPois    +         Reflect  .   c - +0 hat
rElec    .         Harm     .   (no cloak)
rCorr    .         Rampage  .   l - +0 pair of gloves
Will     .....                  p - +0 pair of boots
Stlth    ++........             j - amulet of the acrobat
HPRegen  0.27/turn              f - +6 ring of intelligence
MPRegen  0.14/turn              (no ring)

@: lethally poisoned (-7 -> -47)
A: horns 2, retaliatory headbutt, iridescent scales 1, poison resistance
a: Renounce Religion, Recall Undead Slaves, Injury Mirror, Animate Dead, Drain
Life


You were on level 15 of the Dungeon.
You worshipped Yredelemnul.
Yredelemnul was greatly pleased with you.
You visited 1 branch of the dungeon, and saw 13 of its levels.

You collected 1027 gold pieces.
You spent 56 gold pieces at shops.

Inventory:

Hand Weapons
 a - a +0 vorpal war axe
 b - the +8 battleaxe "Terhaule" (weapon) {vorpal, rN+}
   (You acquired it on level 4 of the Dungeon)

   It inflicts extra damage upon your enemies.
   rN:        It protects you from negative energy.
Missiles
 d - 3 throwing nets
Armour
 c - a +0 hat (worn)
 g - a +3 chain mail
 l - a +0 pair of gloves (worn)
 o - the +1 ring mail of Protective Custody (worn) {Drain rF+++ Int+4 Dex+3}
   (You found it on level 6 of the Dungeon)

   Int:       It affects your intelligence (+4).
   Dex:       It affects your dexterity (+3).
   rF:        It renders you almost immune to fire.
   Drain:     It drains your maximum health when unequipped.
 p - a +0 pair of boots (worn)
Jewellery
 f - a +6 ring of intelligence (left hand)
 j - an amulet of the acrobat (around neck)
Wands
 k - a wand of flame (12)
 v - a wand of polymorph (9) (quivered)
 y - a wand of digging (7)
Scrolls
 i - 4 scrolls of noise
 m - 3 scrolls of fog
 n - a scroll of fear
 r - a scroll of magic mapping
 u - a scroll of enchant armour
 z - 2 scrolls of immolation
 A - a scroll of vulnerability {unknown}
Potions
 e - a potion of heal wounds
 s - a potion of might
 t - a potion of flight
 w - a potion of curing


   Skills:
 + Level 9.3 Fighting
 + Level 17.1 Axes
 - Level 2.1 Throwing
 + Level 8.5 Armour
 + Level 6.7 Dodging
 + Level 4.1 Stealth
 + Level 4.9 Invocations
 * Level 8.0 Evocations


You had 11 spell levels left.
You didn't know any spells.
Your spell library contained the following spells:

 Spells                   Type           Power      Damage    Failure   Level
 Beastly Appendage        Tmut           0%         N/A       43%         1
 Ensorcelled Hibernation  Hex/Ice        0%         N/A       58%         2
 Slow                     Hex            0%         N/A       58%         2
 Wereblood                Tmut           0%         N/A       58%         2
 Call Canine Familiar     Summ           0%         N/A       82%         3
 Confusing Touch          Hex            0%         N/A       82%         3
 Conjure Flame            Conj/Fire      0%         6-21      82%         3
 Ignite Poison            Fire/Tmut/Pois 0%         N/A       82%         3
 Portal Projectile        Hex/Tloc       0%         N/A       82%         3
 Spider Form              Tmut/Pois      0%         N/A       82%         3
 Vampiric Draining        Necr           0%         2d6       82%         3
 Leda's Liquefaction      Hex/Erth       0%         N/A       99%         4
 Sticky Flame             Conj/Fire      0%         2d3       99%         4
 Shadow Creatures         Summ           N/A        N/A       100%        6


Dungeon Overview and Level Annotations

Branches:
Dungeon (12/15)            Temple (0/1) D:5            Lair (0/6) D:8
    Orc (0/2) D:12         Depths (0/5) D:15

Altars:
Ashenzari
Fedhas
Okawaru
Ru
Vehumet
Yredelemnul
The Shining One

Shops:
D:4 ==   D:9 !   D:12 [

Portals:
Trove: D:11 (give 5 scrolls of fog)

Annotations:
D:2 1 runed translucent door, Crazy Yiuf
D:6 3 runed translucent doors, grimtooth's ghost, amateur KoEn
D:12 2 runed translucent doors, WaxSun's ghost, journeyman MfIE


Innate Abilities, Weirdness & Mutations

You have a pair of horns on your head.
You reflexively headbutt those who attack you in melee.
You are partially covered in iridescent scales. (AC +2)
Your system is resistant to poisons. (rPois)


Message History

Something hits you! Something stings you.
You hit something. Something barely misses you. Something hits you.
Something stings you.
You slice something!! You headbutt something.
An arrow appears from out of your range of vision.
The arrow completely misses your centaur skeleton.
Something hits you but does no damage. Something hits you.
Something stings you but does no damage.
Unknown command.
You barely miss something.
An arrow appears from out of your range of vision.
The arrow hits your centaur skeleton!!
Your centaur skeleton is destroyed!
You feel you are being watched by something.
Something hits you but does no damage. x2; Something stings you.
You are lethally poisoned!
Something poisons you!
You closely miss something. You headbutt something.
You feel extremely sick.
A centaur comes into view.
Something hits you but does no damage. Something hits you!
* * * LOW HITPOINT WARNING * * *
You feel dopey.
Something stings you but does no damage.
The centaur moves out of view.
A centaur warrior comes into view. It is wielding a +0 shortbow.
You slice something!!
* * * LOW HITPOINT WARNING * * *
You feel extremely sick.
Something hits you but does no damage. x2; Something stings you.
* * * LOW HITPOINT WARNING * * *
As you read the scroll of fear, it crumbles to dust.
You assume a fearsome visage.
The centaur warrior looks frightened!
The centaur looks frightened!
* * * LOW HITPOINT WARNING * * *
You feel extremely sick.
You feel you are being watched by something.
Something hits you!
You die...
Your body rises from the dead as a mindless zombie.

### ..... ####.....
###############........
..[...{@ZZ.)..cc.......
.#############.#.######
##### #####....# #...#
#........# #...#
#.......## #...#
#......##
#...###......#
#.......)#.#####
#...###.........


You could see a centaur and 2 friendly centaur skeletons.

Vanquished Creatures
  A boulder beetle (D:12)
  A two-headed ogre (D:11)
  A deep elf pyromancer (D:15)
  A necromancer (D:15)
  2 manticores
  2 orc sorcerers (D:15)
  A slime creature (D:12)
  A naga mage (D:15)
  A komodo dragon (D:11)
  2 trolls
  A hornet (D:8)
  A shadow (D:12)
  A centaur simulacrum (D:15)
  A wraith (D:10)
  18 yaks
  2 wyverns
  3 vampire mosquitoes (D:12)
  2 steam dragons
  An acid dragon (D:9)
  2 water moccasins
  2 black bears
  4 orc warriors
  An ice beast (D:7)
  3 ogres
  A sky beast (D:6)
  A hornet zombie (D:15)
  5 centaurs
  A kobold brigand (D:10)
  3 bullfrogs
  A gnoll sergeant (D:6)
  A water moccasin zombie (D:5)
  2 scorpions
  A water moccasin skeleton (D:5)
  17 killer bees
  15 wights
  3 howler monkeys (D:11)
  4 centaur zombies
  2 bullfrog zombies
  2 hounds
  5 centaur skeletons (D:7)
  4 orc priests
  4 bullfrog skeletons
  11 orc wizards
  A howler monkey zombie (D:9)
  6 gnolls
  7 adders
  A shadow imp (D:7)
  A white imp (D:7)
  An ufetubus (D:6)
  An adder zombie (D:5)
  2 dart slugs
  37 orcs
  5 ball pythons
  A bat (D:1)
  4 endoplasms
  3 giant cockroaches
  4 hobgoblins
  5 quokkas
  2 frilled lizards
  3 goblins
  6 kobolds
  7 rats
  A spectral orc (D:8)
236 creatures vanquished.

Vanquished Creatures (collateral kills)
  A boulder beetle (D:9)
  A centaur warrior (D:15)
  A two-headed ogre (D:11)
  2 cyclopes
  A centaur zombie (D:11)
  A guardian serpent (shapeshifter) (D:15)
  3 meliai (D:15)
  4 slime creatures (D:12)
  2 yaks
  2 acid dragons
  An orc warrior (D:9)
  5 centaurs (D:15)
  A gnoll sergeant (D:12)
  An orc priest (D:12)
  3 orc wizards
  A gnoll (D:12)
  8 orcs
38 creatures vanquished.

Vanquished Creatures (others)
  2 flying skulls (D:15)
  2 wights
  An orc skeleton (D:15)
  A vampire mosquito zombie (D:12)
  A naga skeleton (D:15)
  An orc (D:8)
  2 bullfrog zombies
  2 centaur skeletons (D:15)
  A centaur zombie (D:7)
  3 killer bee zombies (D:8)
  6 orc zombies
  A scorpion zombie (D:7)
  2 yak zombies
  8 fungi (D:8)
  11 plants
44 creatures vanquished.

Grand Total: 318 creatures vanquished

Notes
Turn   | Place    | Note
-------+----------+-------------------------------------------
     0 | D:1      | cbfl8 the Minotaur Gladiator began the quest for the Orb.
     0 | D:1      | Reached XP level 1. HP: 18/18 MP: 0/0
   208 | D:1      | Found a faded altar of an unknown god.
   212 | D:1      | Reached XP level 2. HP: 24/25 MP: 1/1
   221 | D:1      | Reached skill level 4 in Axes
  1200 | D:2      | Found a basalt altar of Yredelemnul.
  1223 | D:2      | Became a worshipper of Yredelemnul the Dark
  1229 | D:2      | Reached XP level 3. HP: 30/30 MP: 2/2
  1640 | D:2      | Found a runed translucent door.
  1641 | D:2      | Noticed Crazy Yiuf
  1869 | D:3      | Reached skill level 1 in Armour
  1960 | D:3      | Reached skill level 1 in Evocations
  1960 | D:3      | Reached XP level 4. HP: 11/38 MP: 3/3
  2680 | D:4      | Identified a scroll of acquirement
  2680 | D:4      | Acquired the +8 battleaxe "Terhaule" {vorpal, rN+}
  2722 | D:4      | Noticed a scorpion
  2730 | D:4      | Killed a scorpion
  2731 | D:4      | Reached skill level 5 in Axes
  2731 | D:4      | Reached XP level 5. HP: 44/45 MP: 4/4
  2891 | D:4      | Noticed a black bear
  2896 | D:4      | Killed a black bear
  3028 | D:4      | Found Lagg's Jewellery Shop.
  3156 | D:4      | Reached skill level 1 in Stealth
  3156 | D:4      | Reached XP level 6. HP: 31/51 MP: 5/5
  3297 | D:4      | Found Riuf's Jewellery Boutique.
  3589 | D:5      | Entered Level 5 of the Dungeon
  3663 | D:5      | Noticed a water moccasin
  3666 | D:5      | Killed a water moccasin
  3667 | D:5      | Reached skill level 6 in Axes
  3842 | D:5      | Reached XP level 7. HP: 46/58 MP: 6/6
  3988 | D:5      | Found a staircase to the Ecumenical Temple.
  4442 | D:5      | Found a sacrificial altar of Ru.
  4442 | D:5      | Found a radiant altar of Vehumet.
  4472 | D:6      | Reached skill level 7 in Axes
  4476 | D:6      | Reached * piety under Yredelemnul
  4790 | D:6      | Reached skill level 5 in Armour
  4790 | D:6      | Reached XP level 8. HP: 44/67 MP: 7/7
  5061 | D:6      | Found a runed translucent gate.
  5062 | D:6      | Found a runed translucent gate.
  5090 | D:6      | Reached skill level 8 in Axes
  5117 | D:6      | Found a runed translucent gate.
  5515 | D:6      | Reached skill level 5 in Fighting
  5527 | D:6      | Noticed grimtooth's ghost (amateur KoEn)
  5608 | D:6      | Identified the +1 ring mail of Protective Custody {Drain
                  | rF+++ Int+4 Dex+3}
  6897 | D:7      | Reached skill level 9 in Axes
  6928 | D:7      | Reached XP level 9. HP: 50/74 MP: 8/8
  7314 | D:7      | Found a broken altar of Ashenzari.
  7955 | D:7      | Reached skill level 10 in Axes
  8119 | D:7      | Reached skill level 5 in Evocations
  8286 | D:8      | Reached ** piety under Yredelemnul
  8298 | D:8      | Reached skill level 1 in Invocations
  8472 | D:8      | Paralysed by a hornet for 3 turns
  8484 | D:8      | Gained mutation: You are partially covered in iridescent
                  | scales. (AC +2) [potion of mutation]
  8484 | D:8      | Gained mutation: Your system is resistant to poisons.
                  | (rPois) [potion of mutation]
  8486 | D:8      | HP: 3/78 [poisoned by a hornet]
  8966 | D:8      | Reached skill level 5 in Dodging
  8970 | D:8      | Reached XP level 10. HP: 50/84 MP: 10/10
  8970 | D:8      | Found a glowing golden altar of the Shining One.
  9220 | D:8      | Found a basalt altar of Yredelemnul.
  9446 | D:8      | Found a staircase to the Lair.
  9453 | D:8      | Reached skill level 11 in Axes
  9622 | D:9      | Found Pahyn's Distillery.
  9625 | D:9      | You fall into a shaft and drop 3 floors!
  9705 | D:12     | Noticed a death drake
  9706 | D:12     | Noticed a white ugly thing
  9706 | D:12     | Noticed an orc knight
  9706 | D:12     | Noticed a centaur warrior
  9706 | D:12     | Noticed a manticore
  9706 | D:12     | Noticed a centaur warrior
  9715 | D:12     | Noticed a manticore
  9715 | D:12     | Noticed a wolf spider
  9717 | D:12     | Noticed a rakshasa
  9753 | D:10     | Entered Level 10 of the Dungeon
  9848 | D:10     | Acquired a manual of Axes
 10068 | D:9      | Noticed a manticore
 10078 | D:9      | Reached *** piety under Yredelemnul
 10079 | D:9      | Killed a manticore
 10080 | D:9      | Reached skill level 12 in Axes
 10320 | D:9      | Noticed a boulder beetle
 10331 | D:9      | Killed a boulder beetle
 10488 | D:9      | Reached skill level 13 in Axes
 10809 | D:9      | Bought a potion of might for 56 gold pieces
 11185 | D:10     | Found an iron altar of Okawaru.
 11515 | D:10     | Received a gift from Yredelemnul (a wight)
 11516 | D:10     | Reached XP level 11. HP: 94/94 MP: 12/12
 11717 | D:11     | Reached skill level 14 in Axes
 12248 | D:11     | Noticed a two-headed ogre
 12255 | D:11     | Killed a two-headed ogre
 12715 | D:11     | Noticed a two-headed ogre
 12719 | D:11     | Killed a two-headed ogre
 12720 | D:11     | Reached skill level 15 in Axes
 12775 | D:11     | Found a portal to a secret trove of treasure.
 13116 | D:12     | Noticed a boulder beetle
 13126 | D:12     | Found Wauzal's Antique Armour Boutique.
 13134 | D:12     | Killed a boulder beetle
 13408 | D:12     | Received a gift from Yredelemnul (a wight)
 13424 | D:12     | Reached **** piety under Yredelemnul
 13426 | D:12     | Found a staircase to the Orcish Mines.
 13602 | D:12     | Noticed a skeletal warrior
 13627 | D:12     | Reached skill level 16 in Axes
 13711 | D:12     | Received a gift from Yredelemnul (2 flying skulls)
 13951 | D:12     | Found a runed translucent door.
 13952 | D:12     | Found a runed translucent door.
 13952 | D:12     | Noticed an ice dragon
 13953 | D:12     | Noticed a seven-headed hydra
 13957 | D:12     | Noticed WaxSun's ghost (journeyman MfIE)
 13962 | D:12     | Noticed a green ugly thing
 13967 | D:12     | Noticed a storm dragon
 13967 | D:12     | Found the necklace of Bloodlust {*Rage +Rage Will++ Int-3
                  | Slay+6}
 14112 | D:12     | You fall into a shaft and drop 3 floors!
 14112 | D:15     | Entered Level 15 of the Dungeon
 14123 | D:15     | Noticed a centaur warrior
 14124 | D:15     | Found a blossoming altar of Fedhas.
 14124 | D:15     | Noticed a catoblepas
 14131 | D:15     | Noticed an orc sorcerer
 14131 | D:15     | Noticed an orc sorcerer
 14132 | D:15     | Noticed a deep elf pyromancer
 14136 | D:15     | Killed an orc sorcerer
 14136 | D:15     | Killed an orc sorcerer
 14137 | D:15     | Reached XP level 12. HP: 64/104 MP: 14/14
 14412 | D:15     | Found a staircase to the Depths.
 14421 | D:15     | Reached skill level 17 in Axes
 14761 | D:15     | Noticed a tengu warrior
 14762 | D:15     | Noticed a centaur warrior
 14794 | D:15     | Killed a centaur warrior
 15147 | D:15     | Noticed a five-headed hydra
 15151 | D:15     | a five-headed hydra changed into something unseen
 15159 | D:15     | Noticed a centaur warrior
 15160 | D:15     | HP: 2/104 [poisoned by a ghost moth]
 15160 | D:15     | Mangled by a ghost moth

Illustrated notes

Levels and vault maps discovered:
D:1:      lightli_arrival_lavapool, layout_basic, ebering_ecumenical_altar_ruins
D:2:      layout_loops_ring, basic_altar, uniq_crazy_yiuf_cottage
D:3:      layout_rooms, st_stairs_3
D:4:      layout_basic, serial_shops, shop_coins, shop, small_statue_alley_b
D:5:      layout_basic, gammafunk_temple_overflow_elements, temple_fountains,
          nrook_pool_corridor
D:6:      layout_layer_cave, gammafunk_ghost_icy
D:7:      minmay_skewed_foursquare, layout_basic, mainiacjoe_overflow_alcove_1
D:8:      layout_cave_pools, nicolae_tso_carved_into_rock,
          yredelemnul_forgotten_temple_becter, grunt_lair_entry_orc_guard_hut
D:9:      layout_cave_pools, serial_shops, shop, nzn_sisyphean_effort
D:10:     layout_loops_cross, okawaru_ov_weapons_minmay
D:11:     layout_roguey, nicolae_trove_entry_diagonal
D:12:     layout_layer_cave, hiddenorc2_lemuel, serial_shops, shop,
          ebering_ghost_reflecting_pool, minmay_st_funbox, minivault_12
D:15:     grunt_enter_depths_magical_seal, layout_rooms, fedhas_altar_1

Skill      XL: |  1  2  3  4  5  6  7  8  9 10 11 12 |
---------------+-------------------------------------+-----
Axes           | 4 5 6 7 9 10 13 16 17 | 17.1
Fighting       | 3 4 5 6 7 9 |  9.3
Armour         | 1 2 3 5 6 7 8 |  8.5
Evocations     | 1 2 3 4 5 6 7 8 |  8.0
Stealth        | 1 2 3 4 |  4.1
Dodging        | 4 5 6 |  6.7
Invocations    | 1 3 4 |  4.9
Throwing       | |  2.1

Action                   |  1- 3 |  4- 6 |  7- 9 | 10-12 || total
-------------------------+-------+-------+-------+-------++-------
Melee: War axe           |    63 |     9 |       |       ||    72
       Headbutt          |    10 |     1 |    24 |    55 ||    90
       Battleaxe         |       |    28 |   152 |   265 ||   445
Invok: Animate Remains   |       |       |    10 |    17 ||    27
       Animate Dead      |       |       |       |    20 ||    20
       Recall Undead Sla |       |       |       |     4 ||     4
Evoke: Wand              |       |       |       |     2 ||     2
  Use: Scroll            |       |     4 |     7 |    13 ||    24
       Potion            |       |       |     6 |     1 ||     7
 Stab: Sleeping          |     1 |       |       |     1 ||     2
       Distracted        |       |       |     1 |     6 ||     7
       Petrifying        |       |       |       |     1 ||     1
       Petrified         |       |       |       |     1 ||     1
Armor: Leather armour    |    11 |       |       |       ||    11
       Ring mail         |    13 |     9 |    48 |    79 ||   149
       Scale mail        |       |     3 |    29 |       ||    32
Dodge: Dodged            |    48 |    27 |   173 |   222 ||   470
